 Dungeon Crawl Stone Soup version 0.31.0-9-g3a7656b989 (webtiles) character file.

Game seed: 2924594650365305117

58 qw the Shooter (level 3, -5/20 HPs)
             Began as a Deep Elf Hunter on Feb 2, 2024.
             Slain by a gnoll
             ... wielding a +0 halberd
              (9 damage)
             ... on level 3 of the Dungeon.
             The game lasted 00:00:05 (1291 turns).

qw the Shooter (Deep Elf Hunter)                    Turns: 1291, Time: 00:00:05

Health: -5/20      AC:  5    Str: 10    XL:     3   Next: 76%
Magic:  5/5        EV: 11    Int: 13    God:
Gold:   102        SH:  5    Dex: 18    Spells: 2/2 levels left

rFire   . . .        a - +0 shortbow
rCold   . . .        (shield currently unavailable)
rNeg    . . .        f - +0 ring mail
rPois   .            (no helmet)
rElec   .            (no cloak)
rCorr   .            (no gloves)
SInv    .            (no boots)
Will    .....        h - amulet of reflection
Stlth   +            (no ring)
HPRegen 0.23/turn    (no ring)
MPRegen 0.09/turn

%: reflection
@: no status effects
A: no striking features
a: no special abilities


You were on level 3 of the Dungeon.
You visited 1 branch of the dungeon, and saw 3 of its levels.

You collected 102 gold pieces.


   Skills:
 - Level 1.5 Fighting
 + Level 7.2 Ranged Weapons
 - Level 2.4 Dodging
 - Level 1.2 Stealth


You had 2 spell levels left.
You didn't know any spells.
Your spell library was empty.

Inventory:

Hand Weapons
 a - a +0 shortbow (weapon)
Armour
 f - a +0 ring mail (worn)
Jewellery
 h - an amulet of reflection (around neck)
Scrolls
 b - a scroll of teleportation
Potions
 d - a potion of curing
 g - a potion of might
 i - a potion of heal wounds

Dungeon Overview and Level Annotations

Branches:
Dungeon (3/15)

Altars:
Hepliaklqana


Message History

1262 ||| RETREEEEATING.
You shoot an arrow. The arrow hits the gnoll!
The gnoll is heavily wounded.
You shoot an arrow. The arrow hits the gnoll.
You kill the gnoll!
Found a hazy altar of Hepliaklqana.
You now have 102 gold pieces (gained 6). 2 gnolls come into view.
You shoot an arrow. The arrow hits the gnoll.
The gnoll is heavily wounded.
The gnoll shouts!
A gnoll comes into view. It is wielding a +0 spear.
1282 ||| RETREEEEATING.
A gnoll comes into view.
It is wielding a +0 halberd and quivering a throwing net.
1283 ||| RETREEEEATING.
1284 ||| RETREEEEATING.
The gnoll closely misses you.
You shoot an arrow. The arrow hits the gnoll!
The gnoll is almost dead.
You hear a shout!
The gnoll closely misses you.
You shoot an arrow. The arrow closely misses the gnoll.
The gnoll closely misses you.
1287 ||| RETREEEEATING.
The gnoll hits you but does no damage.
You shoot an arrow. The arrow barely misses the gnoll. x2
The gnoll hits you with a +0 spear. The gnoll closely misses you.
You shoot an arrow. The arrow hits the gnoll.
The gnoll is heavily wounded.
The gnoll closely misses you. x2
You shoot an arrow. The arrow hits the gnoll.
The gnoll is almost dead.
The gnoll closely misses you. The gnoll hits you with a +0 spear.
The gnoll closely misses you. The gnoll barely misses you.
You shoot an arrow. The arrow closely misses the gnoll. x2
The gnoll hits you with a +0 spear.
The gnoll hits you from afar with a +0 halberd.
The gnoll barely misses you. You block the gnoll's attack.
The gnoll hits you from afar with a +0 halberd!
You die...

#####.#####........
......<....%.......
.##........########
.>..######....###..
###%....##.###....
..
....###.##.##..#.##
##g# #####
#..#.....#.. ....
##.#.)##.#g#


gg# #....##.#@#._.# #...###.#g#...#.# ##...###.#gg.....# #.....##.#.#####.#
#...##.#........... #..)###.#.#######..# ...#. #.#.# .###. #...# g# go ##.....#
You could see 4 gnolls.

Vanquished Creatures
  2 gnolls (D:3)
  3 dart slugs
  A bat (D:1)
  2 endoplasms
  A giant cockroach (D:1)
  2 goblins (D:1)
  6 hobgoblins
  A kobold (D:1)
  2 quokkas (D:1)
  6 ball pythons
  A frilled lizard (D:2)
  6 rats (D:1)
33 creatures vanquished.

Notes
Turn   | Place    | Note
-------+----------+-------------------------------------------
     0 | D:1      | qw the Deep Elf Hunter began the quest for the Orb.
     0 | D:1      | Reached XP level 1. HP: 12/12 MP: 3/3
     0 | D:1      | 0 ||| qw: Version: 0.3-a-155-g5e7d8dd
     0 | D:1      | 0 ||| qw: Game counter: 2681
     0 | D:1      | 0 ||| qw: Melee chars always use a shield: true
     0 | D:1      | 0 ||| qw: God list: Okawaru
     0 | D:1      | 0 ||| qw: Allow faded altars: false
     0 | D:1      | 0 ||| qw: Do Orc after clearing Dungeon:15 true
     0 | D:1      | 0 ||| qw: Do second Lair branch before Depths: true
     0 | D:1      | 0 ||| qw: Lair rune preference: random
     0 | D:1      | 0 ||| qw: Goals: Normal
     0 | D:1      | 0 ||| PLANNING D:1-11
   110 | D:1      | Reached XP level 2. HP: 16/16 MP: 4/4
   120 | D:1      | Reached skill level 6 in Ranged Weapons
   656 | D:1      | 656 ||| DROPPING ring of magical power.
   657 | D:1      | 657 ||| READING scroll labelled QALOTI WA BACWUT.
   657 | D:1      | 657 ||| ENCHANTING +0 shortbow.
   670 | D:1      | Reached XP level 3. HP: 19/20 MP: 5/5
   686 | D:1      | 686 ||| READING scroll labelled FECSUI CELL.
   787 | D:1      | 787 ||| DRINKING 2 grey potions.
   788 | D:1      | 788 ||| DROPPING scroll of butterflies.
  1151 | D:2      | 1151 ||| UPGRADING to +0 ring mail.
  1156 | D:2      | 1156 ||| UPGRADING to +0 leather armour.
  1170 | D:2      | 1170 ||| UPGRADING to +0 ring mail.
  1180 | D:2      | 1180 ||| DROPPING +0 leather armour.
  1181 | D:2      | 1181 ||| UPGRADING to amulet of reflection.
  1186 | D:2      | 1186 ||| DROPPING ring of wizardry.
  1187 | D:2      | 1187 ||| READING 2 scrolls labelled POKINN QYEMP.
  1192 | D:2      | 1192 ||| READING 3 scrolls labelled ZUAGGY SUSEKH.
  1192 | D:2      | 1192 ||| IDENTIFYING dark potion
  1193 | D:2      | 1193 ||| READING 2 scrolls of identify.
  1193 | D:2      | 1193 ||| IDENTIFYING bubbling golden potion
  1194 | D:2      | 1194 ||| READING scroll of identify.
  1194 | D:2      | 1194 ||| IDENTIFYING scroll labelled MINEL ETEI
  1195 | D:2      | 1195 ||| DROPPING scroll of noise.
  1211 | D:3      | 1211 ||| PLANNING SEWER
  1260 | D:3      | Reached skill level 7 in Ranged Weapons
  1262 | D:3      | 1262 ||| RETREEEEATING.
  1275 | D:3      | Found a hazy altar of Hepliaklqana.
  1282 | D:3      | 1282 ||| RETREEEEATING.
  1283 | D:3      | 1283 ||| RETREEEEATING.
  1284 | D:3      | 1284 ||| RETREEEEATING.
  1287 | D:3      | 1287 ||| RETREEEEATING.
  1291 | D:3      | HP: 4/20 [gnoll/+0 halberd (4)]
  1291 | D:3      | Slain by a gnoll

Levels and vault maps discovered:
D:1:      shiori_arrival_maze, layout_basic, nicolae_hexahallways,
          minmay_surrounded
D:2:      layout_rooms
D:3:      layout_rooms, mainiacjoe_overflow_cross_hatched,
          gup_sewer_entry_spiral, st_stairs_4

Skill      XL: |  1  2  3 |
---------------+----------+-----
Ranged Weapons | 6 7 |  7.2
Fighting       | |  1.5
Dodging        | |  2.4
Stealth        | |  1.2

Action                     || total
---------------------------++-------
   Fire: Shortbow          ||    93
    Use: Scroll            ||     6
         Potion            ||     1
 Armour: Leather armour    ||    15
         Ring mail         ||     7
  Dodge: Dodged            ||    19
  Block: Other             ||     2

Table legend:
 A = Non-vault XP
 B = Vault XP
 C = Vault XP percentage of total XP
 D = Non-vault monster count
 E = Vault monster count
 F = Vault count percentage of total count
                 A         B        C        D         E       F
            +---------+---------+-------+---------+---------+-------
      Total |      74 |      10 |  11.9 |      27 |       6 |  18.2
            +---------+---------+-------+---------+---------+-------
        D:1 |      33 |      10 |  23.3 |      19 |       6 |  24.0
        D:2 |       9 |       0 |   0.0 |       4 |       0 |   0.0
        D:3 |      32 |       0 |   0.0 |       4 |       0 |   0.0
            +---------+---------+-------+---------+---------+-------
